[Event "British Championship 2024"]
[Site "Hull"]
[Date "2024.07.31"]
[Round "3.41"]
[White "Starley, Robert"]
[Black "Bradbury, Neil H"]
[Result "1/2-1/2"]
[Annotator "RC"]
[ECO "B12"]
[WhiteElo "2017"]
[BlackElo "2153"]
[PlyCount "133"]
[EventDate "2024.07.31"]
[EventCountry "GBR"]
[SourceTitle "playchess.com"]
[Source "ChessBase"]
[SourceQuality "1"]
[TimeControl "40/5400+30:1800+30"]

1. e4 c6 2. d4 d5 3. e5 c5 4. dxc5 e6 5. Qg4 Nc6 6. Nf3 Nge7 7. b4 h5 8. Qh4 Qc7 9. Bb5 a5 10. c3 Nf5 11. Qf4 g6 12. Qd2 Bg7 13. O-O O-O 14. Bxc6 bxc6 15. Re1 f6 16. exf6 Bxf6 17. Bb2 Qg7 18. Nd4 axb4 19. Nxc6 Qc7 20. Nxb4 Qxc5 21. Nd3 Qd6 22. a4 Qc7 23. Qf4 e5 24. Qd2 Bb7 25. Ba3 Rfe8 26. Bb4 d4 27. Nc5 Bd5 28. Ne4 Bxe4 29. Rxe4 Qc6 30. Qa2+ Kg7 31. f3 Ne3 32. Nd2 Nd5 33. Qa3 dxc3 34. Rc4 Qb6+ 35. Bc5 Qa6 36. Rxc3 Nxc3 37. Qxc3 e4 38. Bd4 Qa7 39. Nb3 exf3 40. Nc5 Bxd4+ 41. Qxd4+ Kh7 42. gxf3 Rad8 43. Qf2 Re5 44. Ne4 Ra8 45. Rb1 Qxf2+ 46. Kxf2 Rxa4 47. Rb7+ Kh6 48. h4 Rf5 49. Kg3 Ra3 50. Ng5 Rxg5+ 51. hxg5+ Kxg5 52. Rb5+ Kh6 53. Rb6 Ra5 54. Rb7 Kg5 55. Rb4 Rc5 56. Ra4 Kf5 57. Rf4+ Kg5 58. Ra4 Rf5 59. f4+ Kh6 60. Kh4 Rc5 61. Ra7 Rc4 62. Kg3 Rc3+ 63. Kg2 h4 64. Ra5 h3+ 65. Kh2 Rf3 66. Rb5 Rxf4 67. Kxh3 1/2-1/2

[Event "British Championship 2024"]
[Site "Hull"]
[Date "2024.07.31"]
[Round "3.43"]
[White "Kalaiyalahan, Akshaya"]
[Black "Merriman, James"]
[Result "1-0"]
[Annotator "RC"]
[ECO "A62"]
[WhiteElo "2140"]
[BlackElo "1974"]
[PlyCount "129"]
[EventDate "2024.07.31"]
[EventCountry "GBR"]
[SourceTitle "playchess.com"]
[Source "ChessBase"]
[SourceQuality "1"]
[TimeControl "40/5400+30:1800+30"]

1. d4 Nf6 2. c4 e6 3. g3 c5 4. d5 exd5 5. cxd5 d6 6. Nc3 g6 7. Bg2 Bg7 8. Nf3 O-O 9. O-O Re8 10. Bf4 a6 11. a4 h6 12. Qc1 g5 13. Be3 Nbd7 14. h4 g4 15. Nd2 Ne5 16. Qc2 Bd7 17. a5 Qc8 18. Bf4 Bb5 19. Nde4 Nxe4 20. Bxe4 Bd7 21. Na4 Qc7 22. Nb6 Rad8 23. Nxd7 Qxd7 24. Bf5 Qb5 25. Bxe5 Rxe5 26. Bxg4 Rxd5 27. Bf3 Rd4 28. b3 Rb4 29. Ra3 d5 30. Rd1 d4 31. Be4 Re8 32. Bh7+ Kh8 33. Bd3 Qc6 34. Rc1 Re5 35. Qd2 Qe6 36. Bc4 Qg4 37. Ra2 Re3 38. Bd5 Rc3 39. Kg2 Kg8 40. Rac2 Qf5 41. Bc4 Qe4+ 42. Kg1 Rxc2 43. Rxc2 Qe5 44. Qd3 Bf6 45. Qf3 h5 46. Kg2 Kg7 47. Bd5 Rb5 48. Ra2 b6 49. Bc4 Rxa5 50. Rxa5 bxa5 51. Qb7 Be7 52. Qf3 f6 53. Qa8 f5 54. Qe8 Kh6 55. Bf7 f4 56. gxf4 Qe4+ 57. Kg1 Qb1+ 58. Kh2 Bxh4 59. Qf8+ Kh7 60. Bg8+ Kg6 61. f5+ Kg5 62. Qe7+ Kg4 63. f3+ Kf4 64. Qxh4+ Ke3 65. Qe4+ 1-0

[Event "British Championship 2024"]
[Site "Hull"]
[Date "2024.07.31"]
[Round "4.1"]
[White "Howell, David W L"]
[Black "Royal, Shreyas"]
[Result "0-1"]
[Annotator "TA"]
[ECO "C54"]
[WhiteElo "2675"]
[BlackElo "2483"]
[PlyCount "130"]
[EventDate "2024.07.31"]
[EventCountry "GBR"]
[SourceTitle "playchess.com"]
[Source "ChessBase"]
[SourceQuality "1"]
[TimeControl "40/5400+30:1800+30"]

1. e4 e5 2. Nf3 Nc6 3. Bc4 Bc5 4. c3 Nf6 5. d4 exd4 6. e5 d5 7. Bb5 Ne4 8. cxd4 Bb6 9. Nc3 O-O 10. Be3 Bg4 11. h3 Bh5 12. Qc2 {[%emt 0:00:16] The position is equal.} Bg6 13. Qb3 Ne7 14. O-O c6 {[%emt 0:00:17] ...Nxc3 is the strong threat.} 15. Bd3 Nf5 16. Qc2 Nxe3 17. fxe3 Ng3 {[%emt 0:00:06] [#]} 18. Bxg6 hxg6 19. Rf2 Re8 20. a4 (20. Kh2 $5 Nf5 $8 21. Re1 $14) 20... Rc8 21. Qb3 f6 22. Qc2 Nf5 23. g4 fxe5 24. gxf5 $16 e4 25. Ne1 {[%emt 0:27:46] Ng2 would now be deadly.} Qh4 26. Ne2 (26. f6 $16 Kf7 (26... gxf6 27. Rh2 $16) 27. Rh2) 26... Qxh3 27. Qd2 (27. fxg6 $5 Re5 (27... Qxe3 28. Ng2 $16) 28. dxe5 Qxe3 29. Nd4 (29. Nf4 Qxf4 30. a5 Bd4 $11) 29... Qg3+ 30. Ng2 Bxd4 31. Rd1 $14) 27... Bc7 28. fxg6 (28. Nf4 $11 Qxf5 29. Nc2) 28... Re6 $1 $15 {[%emt 0:06:58] The board is on fire.} 29. Nf4 Bxf4 30. Rxf4 Rxg6+ 31. Ng2 Rh6 {[%emt 0:00:02] Black is much more active.} ({Black should play} 31... Re8 $17 {And now ...Ree6 would win.} 32. Qf2 Ree6 (32... Rh6 $2 33. Rh4 $18)) 32. Raf1 $2 (32. Kf2 $1 $11 {and White is okay.}) 32... Qh2+ $1 $19 33. Kf2 {[%emt 0:00:01] [#]} Rg6 $1 34. Rg1 {[%emt 0:00:18] [#]} Rf8 $2 (34... Rg3 $1 $19 {[%cal Rg3f3] aiming for ...Rf3+!} 35. Qb4 Rf3+ 36. Rxf3 exf3 37. Qxb7 Rf8 38. Qxc6 fxg2+ 39. Ke2 Qh5+ (39... Qxg1 40. Qxd5+ Rf7 41. Qd8+ Kh7 42. Qh4+ Kg6 43. Qg4+ Kf6 44. Qf3+ Kg5 45. Qxf7 $11) 40. Kd2 Rf2+ 41. Kc3 Kh7) 35. Rxf8+ $11 Kxf8 36. Qb4+ $1 Kg8 37. Kf1 Rf6+ (37... Rg3 $5 38. Qe7 $8 Rf3+ 39. Ke2 Rf6 $11 (39... Qxg1 40. Qe8+ Rf8 41. Qe6+ Kh7 42. Qh3+ Kg6 43. Qg4+ Kf7 44. Qf5+ Ke7 45. Qe5+ Kd7 46. Qxg7+ Ke8 47. Qe5+ Kd7 48. Qg7+ Ke8 49. Qe5+ Kf7 50. Qc7+ Ke6 51. Qe5+ Kd7 52. Qg7+ $11)) 38. Nf4 Qh3+ 39. Ke2 $2 {[%emt 0:01:32][%mdl 8192] White is now going downhill.} (39. Rg2 $1 $11 Qxe3 40. Rxg7+ Kh8 (40... Kxg7 41. Qe7+ Rf7 42. Qg5+ Kh8 43. Qh6+ Kg8 44. Qg6+ Kf8 45. Qh6+ Kg8 46. Qg5+ Rg7 47. Qd8+ Kf7 48. Qc7+ Kf6 49. Qe5+ Kf7 50. Qe6+ Kf8 51. Qf5+ Kg8 52. Qe6+ Kh7 53. Qf5+ Kg8 54. Qc8+ Kf7 55. Qc7+ Kf6 56. Qe5+ Kf7 57. Qf5+ Kg8 $11) 41. Rh7+ Kg8 42. Rg7+ Kh8 (42... Kxg7 43. Qe7+ Rf7 44. Qg5+ Kf8 45. Qh6+ Ke8 46. Qe6+ Re7 47. Qc8+ Kf7 48. Qf5+ Kg8 49. Qg5+ Kf7 50. Qh5+ Kg8 51. Qg4+ Rg7 52. Qc8+ Kf7 53. Qc7+ Ke8 54. Qc8+ Kf7 55. Qe6+ Kf8 56. Qf6+ Ke8 57. Qe6+ Re7 58. Qc8+ Kf7 59. Qf5+ Kg8 60. Qg5+ Kf7 61. Qg6+ Kf8 62. Qf5+ Rf7 63. Qc8+ Kg7 64. Qg4+ Kf8 65. Qc8+ Kg7 66. Qg4+ Kh8 67. Qh5+ Kg8 68. Qg4+ Kf8 69. Qc8+ $11) 43. Rh7+ Kg8 44. Rg7+) 39... Qf3+ $19 40. Kd2 Rxf4 $1 41. exf4 Qf2+ 42. Kc3 Qxg1 43. Qxb7 {[%emt 0:01:36][%mdl 4096] Endgame. KQ-KQ} Qc1+ 44. Kb3 Qc4+ 45. Ka3 Qxd4 {[%emt 0:00:09] Strongly threatening ...e3.} 46. Qxc6 Kf7 {[%emt 0:01:22] Inhibits Qe8+.} 47. Qd7+ Kf6 {[%emt 0:00:06] Threatens to win with ...e3.} 48. Qd8+ Kf5 49. Qg5+ Ke6 50. Qg4+ Kd6 51. Qg6+ $2 (51. Qf5 Ke7 52. Qg5+ Qf6 53. Qxd5) 51... Kc5 52. Qe8 Qb4+ 53. Ka2 Kc4 54. Qc6+ Kd4 {[%emt 0:00:05] Black mates.} 55. Qd7 Qc4+ 56. b3 Qc2+ 57. Ka3 Qc5+ 58. Ka2 Kd3 59. Qxg7 e3 60. Qg1 Kd2 61. Qg5 e2 62. f5+ Qe3 63. Qg2 Kc1 64. f6 Qd2+ 65. Ka3 Qb2+ {[%emt 0:00:02] Weighted Error Value: White=0.50/Black=0.19 (very precise) .  Loses game:     	White=3     	---        Missed win:     	---       	Black=1      Mistake:       	White=3     	Black=2      Inaccurate:     	White=3     	Black=1      OK:         	White=11    	Black=17     Best:        	White=10    	Black=5      Strong:       	White=1     	Black=4} (65... e1=Q $142 66. Qxd2+ Qxd2 (66... Kxd2 {is a self mate.} 67. Kb4 Qe3 68. a5 a6 69. Ka3 Kc3 70. Ka4 Qe1 71. f7 Qa1#) 67. f7 a5 68. f8=Q Qb2#) 0-1

[Event "British Championship 2024"]
[Site "Hull"]
[Date "2024.07.31"]
[Round "4.2"]
[White "Jones, Gawain C B"]
[Black "Wadsworth, Matthew J"]
[Result "1-0"]
[Annotator "TA"]
[ECO "A07"]
[WhiteElo "2633"]
[BlackElo "2467"]
[PlyCount "77"]
[EventDate "2024.07.31"]
[EventCountry "GBR"]
[SourceTitle "playchess.com"]
[Source "ChessBase"]
[SourceQuality "1"]
[TimeControl "40/5400+30:1800+30"]

1. Nf3 d5 2. g3 b6 3. Bg2 Bb7 4. O-O Nd7 5. d3 Ngf6 6. c4 {[%emt 0:01:53] A07: Réti Opening: New York and Capablanca Systems.} e6 7. cxd5 Nxd5 8. e4 N5f6 9. Nc3 Be7 10. Bf4 $146 ({Predecessor:} 10. Re1 O-O 11. d4 c5 12. d5 exd5 13. e5 Ne8 14. Nxd5 Nc7 15. Nxc7 Qxc7 16. Bf4 {1-0 Kozul,Z (2583)-Mastrovasilis,A (2524) EU-ch 9th Plovdiv 2008 (11)}) 10... O-O 11. Qc2 c5 12. Rfd1 Nh5 13. Be3 e5 14. a4 a6 15. Qb3 Nhf6 16. Bh3 Bd6 17. Nh4 Nb8 (17... Re8 $11) 18. Nf5 ({White should play} 18. a5 $1 $16) 18... g6 19. Nxd6 Qxd6 20. f4 Bc8 (20... exf4 $14 21. Bxf4 (21. gxf4 Nh5 $14) 21... Qd4+ 22. Kg2 Bc8) 21. fxe5 $16 Qxe5 22. d4 Qh5 23. Bxc8 $1 (23. Qxb6 $6 Qf3 24. Bxc8 Qxe3+ 25. Kg2 Nxe4 $11) 23... Rxc8 24. Rf1 (24. Qxb6 $2 Ng4 25. Rd2 Nxe3 $19) (24. Rd2 $1 $16) 24... Nbd7 $14 {[%emt 0:03:23] ...Ng4 would now be deadly.} 25. h4 cxd4 (25... Re8 $11) 26. Bxd4 $16 Nc5 {[%emt 0:00:32] [#]} 27. Qa2 (27. Qxb6 $6 Qg4 (27... Nfxe4 $2 28. Nxe4 Nxe4 29. Rxf7 $18) 28. Qxf6 Qxg3+ 29. Kh1 Qh3+ 30. Kg1 Qg3+ 31. Kh1 Qh3+ 32. Kg1 Qg3+ $11) (27. Qc2 $1 $16 Nfd7 28. Nd5) 27... Qg4 $1 $11 28. Be5 {[%emt 0:01:55] [#]} (28. Kh2 $2 Ncxe4 29. Be5 (29. Bxf6 $2 {loses.} Qxg3+ 30. Kh1 Nxf6 $19) (29. Nxe4 $2 Rc2+ 30. Rf2 Qxe4 $19) 29... Rc5 30. Nxe4 (30. Bxf6 $2 Qxg3+ 31. Kh1 Nxf6 $19) 30... Rc2+ 31. Nf2 Qf3 32. Bxf6 (32. Kg1 $2 Ng4 $19) 32... Rxf2+ 33. Rxf2 Qxf2+ 34. Kh3 Qxf6 $19) (28. Rxf6 $11 Qxg3+ 29. Kf1 Qh3+ 30. Kg1 Qg3+ 31. Kf1 Qh3+ 32. Kg1 Qg3+) 28... Nd3 29. Bd6 Rc6 30. Rxf6 Rxd6 $1 31. Qxf7+ Kh8 32. Ne2 (32. Rxd6 $2 {perishes.} Qxg3+ 33. Kf1 Qxd6 $19) (32. Kg2 $5 Rd7 $8 33. Qb3 $11) 32... Rxf6 $4 (32... Rdd8 $11 33. Rxb6 Qxe2 34. Qf6+ Kg8 35. Qe6+ Kg7 36. Qf6+ Kh6 37. Qg5+ Kg7 38. Qe7+ Kh6 39. Qg5+ Kg7 40. Qf6+ Kg8 41. Qe6+ Kg7 42. Qf6+) 33. Qxf6+ $18 Kg8 {[%emt 0:00:04] White must now prevent ...Rf8.} 34. Qc6 Rd8 35. Qxb6 Qc8 36. Rd1 Kg7 37. Nd4 Nc5 {[%emt 0:00:48] [#] Against Ne6+} 38. Qxd8 $3 Qxd8 {[%emt 0:00:05] [#]} 39. Nf5+ $1 1-0

[Event "British Championship 2024"]
[Site "Hull"]
[Date "2024.07.31"]
[Round "4.3"]
[White "Han, Yichen"]
[Black "Adams, Michael"]
[Result "1/2-1/2"]
[Annotator "TA"]
[ECO "C47"]
[WhiteElo "2414"]
[BlackElo "2670"]
[PlyCount "30"]
[EventDate "2024.07.31"]
[EventCountry "GBR"]
[SourceTitle "playchess.com"]
[Source "ChessBase"]
[SourceQuality "1"]
[TimeControl "40/5400+30:1800+30"]

1. e4 e5 2. Nf3 Nc6 3. Nc3 Nf6 4. h3 Bb4 5. Nd5 Nxd5 6. exd5 e4 7. dxc6 exf3 8. Qxf3 bxc6 9. c3 Be7 10. d4 O-O 11. Bd3 a5 12. O-O Ba6 13. Re1 {[%emt 0:01:53] [#] Strongly threatening Bxa6.} Bxd3 14. Qxd3 a4 15. Bf4 d5 {[%emt 0:06:02] Weighted Error Value: White=0.01 (flawless) /Black=0.06 (flawless) .  Inaccurate:     	---       	Black=1      OK:         	White=6     	Black=5      Best:        	---       	Black=1} 1/2-1/2

[Event "British Championship 2024"]
[Site "Hull"]
[Date "2024.07.31"]
[Round "4.4"]
[White "Conquest, Stuart C"]
[Black "Gasanov, Eldar"]
[Result "1-0"]
[Annotator "TA"]
[ECO "B93"]
[WhiteElo "2510"]
[BlackElo "2469"]
[PlyCount "53"]
[EventDate "2024.07.31"]
[EventCountry "GBR"]
[SourceTitle "playchess.com"]
[Source "ChessBase"]
[SourceQuality "1"]
[TimeControl "40/5400+30:1800+30"]

1. e4 c5 2. Nf3 d6 3. d4 Nf6 4. Nc3 cxd4 5. Nxd4 a6 6. Be3 Ng4 7. Bc1 Nf6 8. f4 e5 9. Nf3 Nbd7 10. Bc4 Be7 11. O-O b5 12. Bb3 Bb7 13. fxe5 dxe5 {[%emt 0:11:59][%cal Oe8g8] Black has an edge.} 14. Nh4 O-O (14... Bxe4 $2 15. Nxe4 Nxe4 16. Bxf7+ Kf8 17. Bd5+ Ndf6 18. Be3 $18 (18. Bxe4 Qxd1 19. Rxd1 Nxe4 $16)) 15. Nf5 $1 b4 (15... Bxe4 $2 {perishes.} 16. Nxe4 Nxe4 17. Qg4 $18) (15... Nxe4 $2 {loses.} 16. Qg4 Bf6 17. Nxe4 $18) (15... Kh8 $11) 16. Nd5 $1 $14 {[%emt 0:02:45] White is much more active.} Nxd5 17. exd5 {[%emt 0:08:44] Qg4 is the strong threat.} Bc5+ 18. Kh1 $1 {[%emt 0:00:28] Black must now prevent Qg4.} g6 $2 {[%emt 0:00:15] [#]} (18... Kh8 $16) 19. Nh6+ $1 $18 Kg7 {[%emt 0:00:26] [#]} 20. Nxf7 Rxf7 {[%emt 0:16:13] [#]} 21. Bh6+ $1 Kxh6 22. Rxf7 Bc8 $2 (22... Qg5) 23. Qd2+ {[%emt 0:04:32] White is clearly winning.} g5 24. Raf1 e4 25. Qe2 {[%emt 0:03:23][%cal Of7h7] White threatens Rxh7+! and mate.} Qe8 26. Ba4 {[%emt 0:02:20] Bxd7 would kill now.} Bd4 27. Qc4 {[%emt 0:03:31][%csl LRb4,LRd4] Black did not feel at home in the position after the opening.   Weighted Error Value: White=0.04 (flawless) /Black=0.42.  Loses game:     	---       	Black=1      Mistake:       	---       	Black=2      Inaccurate:     	---       	Black=2      OK:         	White=2     	Black=2      Best:        	White=1     	Black=2      Strong:       	White=4     	---        Brilliant:      	White=2     	---} 1-0

[Event "British Championship 2024"]
[Site "Hull"]
[Date "2024.07.31"]
[Round "4.5"]
[White "Wells, Peter K"]
[Black "Ghasi, Ameet K"]
[Result "0-1"]
[Annotator "TA"]
[ECO "B12"]
[WhiteElo "2354"]
[BlackElo "2496"]
[PlyCount "55"]
[EventDate "2024.07.31"]
[EventCountry "GBR"]
[SourceTitle "playchess.com"]
[Source "ChessBase"]
[SourceQuality "1"]
[TimeControl "40/5400+30:1800+30"]

1. e4 c6 2. d4 d5 3. e5 Bf5 4. h4 h5 5. Bd3 Bxd3 6. Qxd3 e6 7. Bg5 Qb6 8. Nd2 c5 9. c4 {[%emt 0:02:12] The position is equal.} Qxb2 10. Rd1 {[%emt 0:04:58] [#] cxd5 would now be deadly.} Nc6 (10... Qxa2 11. Ne2 $16) 11. Ne2 {[%emt 0:01:51] And now cxd5 would win.} Nb4 12. Qf3 {[%emt 0:02:24] Strongly threatening 0-0.} Nc2+ 13. Kf1 Nxd4 14. Nxd4 Qxd4 15. Qb3 Be7 $1 (15... Qxe5 16. Qb5#) 16. cxd5 exd5 {[%emt 0:13:02] Threatens to win with ...0-0-0.} 17. Qxb7 Rd8 18. Rh3 Rh6 19. Bxh6 Nxh6 20. Qb5+ (20. Qxa7 Ng4 (20... Qxe5 $2 21. Re3 $18) 21. Rf3 Nh2+ (21... Nxe5 22. Re3 $11) (21... Qxe5 22. g3 $15) 22. Ke1 Nxf3+ 23. Nxf3 Qe4+ 24. Kf1 Qf5 $15 (24... Bxh4 25. Qxc5 Be7 26. Qb5+ Kf8 27. a4 $11)) 20... Kf8 {[%emt 0:01:00][%cal Oc5c4] ...c4! is the strong threat.} 21. Qe2 Ng4 22. Nf3 Qf4 23. e6 f6 {[%emt 0:09:53][%cal Bf7f6,Bf6f5][%mdl 32] Prevents Ng5} 24. Qc2 {[%emt 0:01:36] Dodges g6} f5 $1 25. Ng5 $36 {[%emt 0:00:09][%mdl 2048] Hoping for Nf7. White fights for an advantage.} g6 26. Rhd3 c4 {[%emt 0:12:16] Some like it hot} 27. Qb2 {[%emt 0:00:46] [#]} (27. Rxd5 $2 {perishes.} Rxd5 28. Nf3 Rxd1+ 29. Qxd1 Qd6 $19) (27. Rc3 $1 $11) 27... Kg8 $2 ({And not} 27... cxd3 28. Qh8#) (27... Bxg5 $2 28. g3 Qxf2+ 29. Qxf2 Nxf2 30. Kxf2 cxd3 31. hxg5) (27... Qxf2+ $1 $17 {keeps the pressure on.} 28. Qxf2 Nxf2 29. Kxf2 cxd3 30. Rxd3 Bxg5 31. hxg5 Ke7) 28. Rxd5 $4 {[%emt 0:00:00][%mdl 8192] Weighted Error Value: White=0.07 (flawless) /Black=0.16 (very precise) .  Loses game:     	---       	Black=1      Missed win:     	White=1     	---        Mistake:       	White=1     	---        OK:         	White=9     	Black=11     Best:        	---       	Black=3      Strong:       	---       	Black=2} (28. Nf7 $18 Bf6 29. Qd2 Qxd2 (29... Qh2 $2 30. Rh3 $18) 30. R3xd2) 0-1

[Event "British Championship 2024"]
[Site "Hull"]
[Date "2024.07.31"]
[Round "4.6"]
[White "Bazakutsa, Svyatoslav"]
[Black "Derakhshani, Borna"]
[Result "1-0"]
[Annotator "TA"]
[ECO "D10"]
[WhiteElo "2470"]
[BlackElo "2355"]
[PlyCount "133"]
[EventDate "2024.07.31"]
[EventCountry "GBR"]
[SourceTitle "playchess.com"]
[Source "ChessBase"]
[SourceQuality "1"]
[TimeControl "40/5400+30:1800+30"]

1. d4 d5 2. c4 c6 3. cxd5 cxd5 4. Nc3 Nf6 5. Bf4 Nc6 6. e3 a6 7. Bd3 Bg4 8. Nge2 e6 9. O-O Bd6 10. Bg5 Bh5 11. f4 Be7 12. h3 {[%emt 0:11:09] White is slightly better.} Bxe2 13. Qxe2 h6 (13... Nd7 {seems wilder.} 14. Qh5 h6 15. Rad1 Rc8) 14. Bxf6 Bxf6 15. Rad1 g6 16. g4 Qd6 17. Kg2 Bg7 {[%emt 0:05:42] [#]} (17... O-O $11 {remains equal.}) 18. Na4 (18. f5 $1 $16 ) 18... h5 $11 19. Nc5 hxg4 20. hxg4 Qc7 (20... g5 $11) 21. Rh1 $14 Ke7 22. Bb1 a5 23. Rc1 Rxh1 (23... Bxd4 $5 24. exd4 Qxf4 $11) 24. Rxh1 Rh8 25. Rxh8 Bxh8 26. Qf2 b6 27. Na4 Bf6 28. Nc3 Qc8 29. Qf1 Na7 30. Bc2 Kf8 31. Qe2 {[%emt 0:00:00] Black is weak on the light squares} Bg7 {[%emt 0:00:00] [#]} (31... b5 $11 {is more appropriate.}) 32. f5 $1 gxf5 33. gxf5 Qd8 34. Qg4 Qf6 (34... e5 $1 $11) 35. fxe6 {[%emt 0:00:00] White is more active.} (35. Qg3 {feels hotter.} Bh6 36. Qb8+ Kg7 37. Ne2) 35... fxe6 36. Qg3 Nc8 37. Bd1 Bh6 38. Bg4 {[%emt 0:00:00] Strongly threatening Qb8.} Ne7 39. Ne2 Kf7 40. Qh3 Ng8 41. Nc3 Ke7 42. Qg3 Kf7 43. Nb5 {[%emt 0:00:00] Nc7 is the strong threat.} Qg5 44. Nd6+ Ke7 (44... Kf8 {simplifies} 45. Bxe6 Qxg3+ 46. Kxg3 Bxe3 47. Nf5 Bc1) 45. Nc8+ Kf7 46. Kf2 b5 (46... Kg7 $11) 47. Nd6+ Ke7 48. Nxb5 Nf6 49. Qd6+ Kf7 50. Bxe6+ (50. Qxe6+ $6 Kf8 51. Bf3 Ne4+ 52. Kf1 (52. Bxe4 Qxe3+ 53. Kf1 Qc1+ 54. Kg2 Qg5+ 55. Kf2 Qd2+ 56. Kg3 Qf4+ 57. Kg2 Qd2+ 58. Kh3 Qe3+ 59. Kg2 Qd2+ 60. Kf3 Qe3+ 61. Kg2 Qe2+ 62. Kh3 Qe3+ 63. Kg4 Qf4+ 64. Kh3 Qe3+ $11) 52... Qxe3 53. Qf5+ Ke7 54. Qe5+ Kf8 55. Bxe4 dxe4 $11) 50... Kg6 {[%emt 0:00:04] ( -> ...Ne4+)} 51. Qe5 {[%emt 0:00:06] Qxg5+ would now be deadly.} Ne4+ 52. Kf1 Ng3+ 53. Ke1 {[%emt 0:00:06] Black must now prevent Qxg5+.} Qh4 (53... Qxe5 $16 54. dxe5 Bxe3) 54. Kd1 $18 (54. Qxd5 Nf5+ 55. Ke2 Qg4+ 56. Kd2 (56. Kd3 Qd1+ 57. Ke4 Qh1+ 58. Kd3 Qf1+ 59. Ke4 Qb1+ 60. Ke5 Bg7+ 61. Kf4 Bh6+ 62. Ke5 Bg7+ 63. Kf4 Bh6+ 64. Ke5 $11) 56... Nxe3 57. Bxg4 Nxd5+ 58. Ke2 Kf6 $14) (54. Bxd5 Ne4+ 55. Kd1 Qg4+ 56. Kc2 Qe2+ 57. Kb3 (57. Kc1 $2 Bxe3+ 58. Kb1 Qd1#) 57... Qxb5+ 58. Kc2 Qe2+ 59. Kb3 Qxe3+ 60. Ka4 Nf6 61. Qxe3 Bxe3 $17) 54... Qh2 $2 {[%emt 0:00:36] [#]} (54... Qh1+ 55. Kc2 Qe4+ 56. Kc3 Qxe3+ 57. Qxe3 Bxe3 58. Bxd5 Kf6) 55. Bf5+ $1 Kg5 56. Bd3+ Kh4 57. Qe7+ (57. Qxd5 Bxe3 58. Qd8+ Bg5 59. Qxa5 Qxb2 $11) (57. Nc3 Qxb2 58. Ne2 (58. Nxd5 Qxa2 59. Qh8 Qxd5 $16) 58... Nxe2 59. Qh2+ (59. Bxe2 Qb1+ 60. Kd2 Qb4+ 61. Kc2 Qa4+ 62. Kd3 Qc4+ 63. Kd2 Qb4+ 64. Kd1 Qb1+ 65. Kd2 Qb4+ $11) 59... Kg5 60. Qxe2 (60. Bxe2 Qb1+ 61. Kd2 Qxa2+ 62. Ke1 Qb1+ 63. Bd1 Kg6 $11) 60... Qxe2+ 61. Kxe2 Kf6 $11) 57... Kh3 58. Qe6+ Kg2 59. Qxd5+ Kg1 60. Qf3 {[%emt 0:00:13] aiming for d5.} Qh4 $2 (60... Qf2 61. Qxf2+ Kxf2) 61. Nc3 Nh1 (61... Qh2 $142 62. Ne4 Qh5 63. Qxh5 Nxh5) 62. Be4 {[%emt 0:00:46][%csl Ge4][%cal Rf3g2] White is clearly winning.} Nf2+ 63. Kc2 Qh2 {[%emt 0:00:00] Prevents Qg2+.} 64. Kb3 {[%emt 0:01:00] And now Ne2+ would win.} Qb8+ {[%emt 0:01:31] [#]} 65. Bb7 $1 Qg8+ 66. Kc2 {[%emt 0:00:08] White threatens Ne2+ and mate.} Qg6+ 67. Be4 {[%emt 0:00:09] Weighted Error Value: White=0.14 (very precise) /Black=0.28 (precise) .  Mistake:       	White=1     	Black=9      Inaccurate:     	White=10    	Black=5      OK:         	White=13    	Black=14     Best:        	White=7     	Black=6      Brilliant:      	White=1     	---} 1-0

[Event "British Championship 2024"]
[Site "Hull"]
[Date "2024.07.31"]
[Round "4.7"]
[White "Salmons, Calum"]
[Black "McShane, Luke J"]
[Result "1/2-1/2"]
[Annotator "TA"]
[ECO "A47"]
[WhiteElo "1999"]
[BlackElo "2617"]
[PlyCount "83"]
[EventDate "2024.07.31"]
[EventCountry "GBR"]
[SourceTitle "playchess.com"]
[Source "ChessBase"]
[SourceQuality "1"]
[TimeControl "40/5400+30:1800+30"]

1. d4 Nf6 2. Bf4 b6 3. e3 Bb7 4. Nf3 e6 5. Nbd2 Be7 6. Bd3 Nh5 7. Bg3 d6 8. c3 Nd7 9. Be4 c6 10. a4 a6 11. Qc2 g6 12. b4 O-O (12... d5 $5 13. Bd3 $8 Nxg3 14. hxg3 O-O $15) 13. O-O Nxg3 14. hxg3 d5 15. Bd3 c5 16. Rab1 (16. bxc5 $11 bxc5 17. Rfb1) 16... Qc7 (16... c4 $17 17. Be2 b5) 17. Qb2 (17. bxc5 $11 {keeps the balance.} bxc5 18. c4) 17... c4 $17 18. Bc2 f5 19. Nh2 g5 20. g4 {[%emt 0:08:04] [#]} h5 $1 21. gxh5 (21. gxf5 exf5) 21... g4 22. g3 Nf6 23. Kg2 Kg7 (23... Nxh5 24. Rh1 Nf6 25. f3 $17) 24. h6+ Kxh6 25. Rh1 Kg7 26. f3 Rh8 27. Rbg1 gxf3+ 28. Ndxf3 Bd6 {[%emt 0:00:33][%cal Oa8g8,Be7d6,Bd6g3,Bg3h4][%mdl 32] Repels Ne5} 29. Kf2 (29. Ng5 $17 Bc8 (29... Bxg3 $2 30. Nxe6+ Kf7 31. Nxc7 $18) 30. Nhf3) 29... Ne4+ $19 30. Bxe4 fxe4 (30... dxe4 31. Nh4) 31. Nh4 Raf8+ 32. Ke2 Bxg3 33. Ng4 {[%emt 0:00:16] Against Rf2+} (33. Nf1 $2 Rf2+ 34. Kd1 Rxb2 $19) (33. Kd1 $17 {is a better defense.} Kf7 (33... Rxh4 34. Qg2 $15) 34. Nf1 Bxh4 35. Rxh4 Rxh4 36. Qf2+ Ke8 37. Qxh4) 33... Rxh4 (33... Bxh4 34. Ne5+ Kf6 35. Qc1 $18 (35. Rg6+ Ke7 $15) (35. Rg4 Bg3 $11)) 34. Rxh4 Bxh4 35. Ne5+ (35. Kd1 Kf7 36. Qg2) 35... Kh7 36. Rg2 {[%emt 0:00:01] Wards off Rf2+} Qe7 (36... Rg8 $19 37. Rh2 Rg1 38. Rxh4+ Kg8 39. Rg4+ Rxg4 40. Nxg4 Qg3) 37. Qc1 Rf5 $1 38. Qh1 Qf6 39. Ng4 {[%emt 0:01:20] Prevents Rf2+} Qe7 (39... Qg5 $19 {aiming for ...Bc6.} 40. Kd2 Kg7) 40. Ne5 $17 {[%emt 0:04:40] [#] Wards off Bc6} Rh5 $1 {[%emt 0:00:43] Threatens to win with ...Rh6.} 41. Rf2 $2 {[%emt 0:07:23][%mdl 8192] [#]} (41. a5 $17) 41... Rf5 $2 (41... Bxf2 $2 42. Qxh5+ Kg8 43. Qg4+ (43. Kxf2 Qf6+ 44. Ke1 Bc8 $16) 43... Qg7 44. Qxe6+ (44. Kxf2 Qxg4 45. Nxg4 Bc6 $11) 44... Kh7 45. Kxf2 $18) (41... Qe8 $1 $19 42. Rf7+ Kg8 43. Rxb7 (43. Qh3 $2 Rxe5 44. dxe5 Qxf7 $19) 43... Qxa4 44. Qg1+ Rg5 45. Rb8+ Kg7 46. Rb7+ Kf8 47. Rb8+ Ke7 48. Rb7+ Kd6) 42. Rg2 {Weighted Error Value: White=0.31/Black=0.42.  Loses game:     	White=1     	---        Missed win:     	---       	Black=2      Mistake:       	White=5     	Black=2      Inaccurate:     	White=1     	---        OK:         	White=14    	Black=11     Best:        	White=1     	Black=3      Strong:       	---       	Black=2} (42. Rh2 $5 Rh5 $8 43. Rf2 $19) 1/2-1/2